 Dungeon Crawl Stone Soup version 0.29-a0-847-g24c0ca63c9 (webtiles) character file.

Game seed: 75926561771487240

65 Garessta the Grasshopper (level 4, -2/38 HPs)
             Began as a Gnoll Warper on July 16, 2022.
             Slain by a gnoll
             ... wielding a +0 halberd
              (12 damage)
             ... on level 2 of the Dungeon.
             The game lasted 00:03:31 (1697 turns).

Garessta the Grasshopper (Gnoll Warper)             Turns: 1697, Time: 00:03:32

Health: -2/38      AC:  3    Str: 10    XL:     4   Next: 13%
Magic:  11/11      EV: 13    Int: 12    God:
Gold:   153        SH:  0    Dex: 14    Spells: 11/13 levels left

rFire   . . .      SeeInvis .   g - +0 long sword
rCold   . . .      Faith    .   (no shield)
rNeg    . . .      Spirit   .   b - +0 leather armour
rPois   .          Reflect  .   (no helmet)
rElec   .          Harm     .   (no cloak)
rCorr   .          Rampage  .   (no gloves)
Will    .....                   (no boots)
Stlth   +.........              (no amulet)
HPRegen 0.12/turn               (no ring)
MPRegen 0.12/turn               (no ring)

@: no status effects
A: fangs 1, strong nose, distributed training
a: no special abilities


You were on level 2 of the Dungeon.
You visited 1 branch of the dungeon, and saw 2 of its levels.

You collected 183 gold pieces.
You spent 30 gold pieces at shops.

Inventory:

Hand Weapons
 g - a +0 long sword (weapon)
Missiles
 d - 5 boomerangs of dispersal (quivered)
 f - 20 stones
Armour
 b - a +0 leather armour (worn)
Jewellery
 q - a ring of willpower
Scrolls
 c - a scroll of blinking
 j - 2 scrolls of vulnerability {unknown}
 k - 2 scrolls of teleportation
 n - a scroll of identify {unknown}
 p - a scroll of silence {unknown}
Potions
 a - a potion of heal wounds {unknown}
 e - a potion of flight {unknown}
 h - a potion of haste
 i - a potion of cancellation {unknown}
 l - 2 potions of mutation {unknown}
 m - a potion of magic {unknown}


   Skills:
 + Level 4.6 Fighting
 + Level 1.1 Short Blades
 + Level 4.6 Long Blades
 + Level 1.1 Axes
 + Level 1.1 Maces & Flails
 + Level 1.1 Polearms
 + Level 1.1 Staves
 + Level 1.1 Ranged Weapons
 + Level 2.7 Throwing
 + Level 2.7 Armour
 + Level 4.6 Dodging
 + Level 1.1 Stealth
 + Level 1.1 Shields
 + Level 1.1 Unarmed Combat
 + Level 5.0 Spellcasting
 + Level 0.8 Conjurations
 + Level 0.8 Hexes
 + Level 0.8 Summonings
 + Level 0.8 Necromancy
 + Level 5.4 Translocations
 + Level 0.8 Transmutations
 + Level 0.8 Fire Magic
 + Level 0.8 Ice Magic
 + Level 0.8 Air Magic
 + Level 0.8 Earth Magic
 + Level 0.8 Poison Magic
 + Level 1.2 Invocations
 + Level 1.1 Evocations


You had 11 spell levels left.
You knew the following spells:

 Your Spells              Type           Power      Damage    Failure   Level
a - Blink                 Tloc           32%        N/A       4%          2

Your spell library contained the following spells:

 Spells                   Type           Power      Damage    Failure   Level
 Gell's Gravitas          Tloc           16%        N/A       9%          3
 Lesser Beckoning         Tloc           16%        N/A       9%          3
 Teleport Other           Tloc           16%        N/A       9%          3
 Ensorcelled Hibernation  Hex/Ice        10%        N/A       28%         2
 Spider Form              Tmut/Pois      5%         N/A       50%         3
 Manifold Assault         Tloc           16%        N/A       58%         5
 Anguish                  Hex/Necr       2%         N/A       88%         4


Dungeon Overview and Level Annotations

Branches:
Dungeon (2/15)

Altars:

Shops:
D:1 *

Annotations:
D:2 1 runed translucent door, Crazy Yiuf


Innate Abilities, Weirdness & Mutations

You have very sharp teeth.
Your uncanny sense of smell can sniff out nearby items.
Your experience applies equally to all skills.


Message History

Press: ? - help, Q - select action, (/) - cycle Shift-Dir - straight line, f/p - gnoll
Aim: a gnoll, wielding a +0 spear (heavily wounded, poisoned, 64% to hit)
You throw a boomerang of dispersal.
The boomerang of dispersal hits the gnoll!
The gnoll blinks!
The gnoll is severely wounded.
The gnoll barely misses you.
You hit the gnoll.
You kill the gnoll!
The gnoll looks more healthy.
The gnoll completely misses you. The gnoll hits you with a +0 spear.
The gnoll hits you from afar with a +0 spear!
You hit the gnoll but do no damage.
The gnoll is severely wounded.
The gnoll hits you with a +0 spear. The gnoll barely misses you.
You barely miss the gnoll. You punch the gnoll.
You bite the gnoll, but do no damage.
The gnoll is almost dead.
The gnoll barely misses you.
The gnoll hits you from afar with a +0 spear.
You slash the gnoll!
You kill the gnoll!
The gnoll hits you but does no damage.
You have reached level 4!
You feel agile.
Throw: 6 boomerangs (disperse)
Press: ? - help, Q - select action, (/) - cycle Shift-Dir - straight line, f - gnoll
Aim: a gnoll, wielding a +0 spear (severely wounded, 65% to hit)
You throw a boomerang of dispersal.
The boomerang of dispersal hits the gnoll but does no damage.
The gnoll is severely wounded.
The gnoll hits you from afar with a +0 spear!
* * * LOW HITPOINT WARNING * * *
The gnoll misses you. The gnoll barely misses you. x2
Items here: )) ††.
You hit the gnoll.
You kill the gnoll!
The gnoll hits you from afar with a +0 halberd!
You die...

### ..# ###.# ...# #..#
#..# ...###..######
#(.(..g)@...#
###########.#### #......#
#.#....# ##+## ##......##
##...## #........#
##.....## #........#
##.......## ##..#.....#
##.........####.........#


You could see a gnoll.

Vanquished Creatures
  3 gnolls (D:2)
  An adder (D:2)
  3 bats
  5 endoplasms
  2 giant cockroaches (D:1)
  5 hobgoblins
  4 jackals (D:1)
  3 quokkas
  2 frilled lizards (D:1)
  2 goblins (D:1)
  3 kobolds
  A rat (D:2)
34 creatures vanquished.

Notes
Turn   | Place    | Note
-------+----------+-------------------------------------------
     0 | D:1      | Garessta the Gnoll Warper began the quest for the Orb.
     0 | D:1      | Reached XP level 1. HP: 20/20 MP: 6/6
   135 | D:1      | Reached XP level 2. HP: 26/26 MP: 7/7
   138 | D:1      | Learned a level 2 spell: Blink
   462 | D:1      | Found Ydwoed's General Store.
   557 | D:1      | Bought a scroll of teleportation for 30 gold pieces
   619 | D:1      | Reached skill level 5 in Spellcasting
   619 | D:1      | Reached XP level 3. HP: 29/31 MP: 7/9
  1223 | D:2      | Found a faded altar of an unknown god.
  1355 | D:2      | Found a runed translucent door.
  1356 | D:2      | Noticed Crazy Yiuf
  1603 | D:2      | Reached skill level 1 in Invocations
  1629 | D:2      | Reached skill level 1 in Short Blades
  1629 | D:2      | Reached skill level 1 in Axes
  1629 | D:2      | Reached skill level 1 in Maces & Flails
  1629 | D:2      | Reached skill level 1 in Polearms
  1629 | D:2      | Reached skill level 1 in Staves
  1629 | D:2      | Reached skill level 1 in Ranged Weapons
  1629 | D:2      | Reached skill level 1 in Stealth
  1629 | D:2      | Reached skill level 1 in Shields
  1629 | D:2      | Reached skill level 1 in Unarmed Combat
  1629 | D:2      | Reached skill level 1 in Evocations
  1695 | D:2      | Reached XP level 4. HP: 17/38 MP: 11/11
  1697 | D:2      | Slain by a gnoll

Illustrated notes

Levels and vault maps discovered:
D:1:      saegor_arrival_simple_b, layout_basic, serial_shops,
          nicolae_shop_stone, minmay_circled_x
D:2:      layout_loops_corners, shapermc_ecumenical_altar_acropolis,
          uniq_crazy_yiuf_cottage

Skill      XL: |  1  2  3 |
---------------+----------+-----
Spellcasting   | 5 |  5.0
Invocations    | 1 |  1.2
Short Blades   | 1 |  1.1
Axes           | 1 |  1.1
Maces & Flails | 1 |  1.1
Polearms       | 1 |  1.1
Staves         | 1 |  1.1
Ranged Weapons | 1 |  1.1
Stealth        | 1 |  1.1
Shields        | 1 |  1.1
Unarmed Combat | 1 |  1.1
Evocations     | 1 |  1.1
Fighting       | |  4.6
Long Blades    | |  4.6
Throwing       | |  2.7
Armour         | |  2.7
Dodging        | |  4.6
Conjurations   | |  0.8
Hexes          | |  0.8
Summonings     | |  0.8
Necromancy     | |  0.8
Translocations | |  5.4
Transmutations | |  0.8
Fire Magic     | |  0.8
Ice Magic      | |  0.8
Air Magic      | |  0.8
Earth Magic    | |  0.8
Poison Magic   | |  0.8

Action                   |  1- 3 |  4- 6 || total
-------------------------+-------+-------++-------
Melee: Falchion          |    14 |       ||    14
       Long sword        |    80 |     1 ||    81
       Bite              |     9 |       ||     9
       Punch             |     2 |       ||     2
       Battleaxe         |    12 |       ||    12
Throw: Javelin           |     3 |       ||     3
       Dart              |     2 |       ||     2
       Boomerang         |     1 |     1 ||     2
Armor: Leather armour    |    34 |       ||    34
Dodge: Dodged            |    96 |     3 ||    99

Table legend: (Time is in decaauts)
 A = Elapsed time spent in this place.
 B = Non-inter-level travel time spent in this place.
 C = Inter-level travel time spent in this place.
 D = Time resting spent in this place.
 E = Time spent auto-exploring this place.
 F = Levels seen in this place.
 G = Mean time per level.
                   A        B        C        D        E       F      G
               +--------+--------+--------+--------+--------+-----+--------+
         Total |   1719 |   1698 |     21 |    189 |   1214 |   2 |  859.5 |
       Dungeon |   1719 |   1698 |     21 |    189 |   1214 |   2 |  859.5 |
               +--------+--------+--------+--------+--------+-----+--------+

Top non-repeatable levels by time:
     D:2: 897 daAuts
     D:1: 822 daAuts
